 Dungeon Crawl Stone Soup version 0.16.0-5-g717f7e7 (webtiles) character file.

84 galactorrhea the Grave Robber (level 4, -11/30 HPs)
             Began as a Mummy Necromancer on Mar 15, 2015.
             Killed by divine providence
             ... invoked by an orc priest
              (17 damage)
             ... on level 4 of the Dungeon.
             The game lasted 00:13:02 (1861 turns).

galactorrhea the Grave Robber (Mummy Necromancer)   Turns: 1861, Time: 00:13:02

Health: -11/30     AC:  3    Str: 11    XL:     4   Next: 23%
Magic:  2/8        EV: 12    Int: 15    God:
Gold:   140        SH:  0    Dex: 17    Spells: 2 memorised, 4 levels left

rFire  x . .     SeeInvis .     c - +0 hunting sling
rCold  + . .     Clarity  .     m - +0 robe
rNeg   + + +     SustAb   .     (no shield)
rPois  ∞         Gourm    .     (no helmet)
rElec  .         Spirit   .     k - +0 cloak
rCorr  .         Warding  .     (no gloves)
rMut   .         Stasis   .     (no boots)
MR     .....                    (no amulet)
Stlth  ++........               (no ring)
                                f - +5 ring of dexterity (curse)

@: not resistant to hostile enchantments, unstealthy
A: no food or potions, fire vulnerability, restore body, cold resistance 1,
negative energy resistance 3, poison resistance, torment resistance, unbreathing
a: no special abilities


You were on level 4 of the Dungeon.
You were not hungry.

You visited 1 branch of the dungeon, and saw 4 of its levels.

You collected 140 gold pieces.

Inventory:

Hand weapons
 c - a +0 hunting sling (weapon)
 h - a +1 dagger of venom
Missiles
 d - 12 sling bullets (quivered)
 i - 17 sling bullets of flame
Armour
 a - a +0 robe
 g - a +0 robe
 k - a +0 cloak (worn)
 m - a +0 robe (worn)
Jewellery
 f - a cursed +5 ring of dexterity (left hand)
Magical devices
 n - a wand of fireball (0)
Scrolls
 e - 2 scrolls of amnesia
 j - a scroll of random uselessness
 l - 2 scrolls of remove curse
 o - 2 scrolls of fear {unknown}
 p - 2 scrolls of enchant weapon {unknown}
 q - a scroll of teleportation {unknown}
Books
 b - a book of Necromancy

   Spells                             Type                      Level
   a - Pain                           Necromancy                   1
   b - Animate Skeleton               Necromancy                   1
   c - Vampiric Draining              Necromancy                   3
   d - Regeneration                   Charms/Necromancy            3
   e - Animate Dead                   Necromancy                   4
   f - Control Undead                 Necromancy                   4


   Skills:
 + Level 1.0 Slings
 + Level 1.6 Dodging
 + Level 1.8 Stealth
 + Level 2.7 Spellcasting
 + Level 4.9 Necromancy


You had 4 spell levels left.
You knew the following spells:

 Your Spells              Type           Power        Failure   Level  Hunger
a - Pain                  Necr           ###.         2%          1    N/A
b - Vampiric Draining     Necr           ###.......   10%         3    N/A

Dungeon Overview and Level Annotations

Branches:
Dungeon (4/15)
 Temple: D:4-7

Altars:
Nemelex Xobeh
Xom


Innate Abilities, Weirdness & Mutations

You do not eat or drink.
Your flesh is vulnerable to fire.
Your flesh is cold resistant.
You are immune to negative energy.
Your system is resistant to poisons.
You are immune to unholy pain and torment.
You can survive without breathing.


Message History

The fireball engulfs the orc.
You kill the orc!
Evoking this partially-identified wand wasted a few charges.
You hear a shout! x3
The scorpion stings you!
* * * LOW HITPOINT WARNING * * *
An orc comes into view. It is wielding a falchion.
Evoke which item? (* to show all) (? for menu, Esc to quit)
Zapping:
n - a wand of fireball {zapped: 3} (will waste charges)
Press: ? - help, Shift-Dir - straight line, f - orc
Aim: an orc, wielding a club and wearing a leather armour The fireball explodes!
The fireball engulfs the orc.
You kill the orc!
The fireball engulfs the orc.
The orc is almost dead.
Evoking this partially-identified wand wasted a few charges.
The orc priest calls down the wrath of Beogh upon you.
Something smites you!
Ouch! That really hurt!
You die...

#######+####
#..@.))....#
##s###o....#
#.# .o. #.#
. . #.# .#
#.# .# #.#
.# #.# .#
#.# .#


You could see a scorpion, an orc priest and an orc.

Vanquished Creatures
  Jessica (D:2)
  An adder (D:3)
  2 worms (D:2)
  A giant gecko (D:2)
  3 orcs (D:4)
  8 bats
  2 giant cockroaches
  8 goblins
  2 hobgoblins
  5 kobolds
  2 jackals (D:3)
  6 rats
41 creatures vanquished.

Notes
Turn   | Place    | Note
--------------------------------------------------------------
     0 | D:1      | galactorrhea, the Mummy Necromancer, began the quest for the Orb.
     0 | D:1      | Reached XP level 1. HP: 13/13 MP: 3/3
   228 | D:1      | Reached XP level 2. HP: 19/19 MP: 1/4
   780 | D:2      | Found a sparkling altar of Nemelex Xobeh.
  1065 | D:2      | Reached XP level 3. HP: 18/24 MP: 2/6
  1161 | D:2      | Noticed Jessica
  1200 | D:2      | Learned a level 3 spell: Vampiric Draining
  1270 | D:2      | Killed Jessica
  1636 | D:3      | Reached skill level 1 in Slings
  1687 | D:3      | Reached XP level 4. HP: 25/30 MP: 5/8
  1751 | D:3      | Found a shimmering altar of Xom.
  1861 | D:4      | Killed from afar by an orc priest

Action                   |  1- 3 |  4- 6 || total
-------------------------+-------+-------++-------
 Fire: Hunting sling     |    37 |     6 ||    43
 Cast: Pain              |    56 |     9 ||    65
Evoke: Wand              |       |     2 ||     2
  Use: Scroll            |     4 |       ||     4
